[ AOE2 MATCH · #478036095 ]
UnrankedRomans vs Saracens
[ REPLAY ANALYSIS · EXTRACTED FROM THE RECORDED GAME ]
Feudal
14:59
Castle
22:56
Imperial
42:35
| APM avg | 12.9 |
| APM peak | 44 |
| eAPM avg | 7.8 |
| Villagers / military | 75 / 99 |
Focus
⚔️ 34.3% · 🌾 65.7%
Spearman ×40 · Scorpion ×29 · Centurion ×19 · Militia ×5 · Trebuchet (Packed) ×4 · Monk ×2
Feudal
—
Castle
—
Imperial
—
| APM avg | 10.7 |
| APM peak | 26 |
| eAPM avg | 6.3 |
| Villagers / military | 69 / 269 |
Focus
⚔️ 41.6% · 🌾 58.4%
Chu Ko Nu ×149 · Spearman ×59 · Archer ×48 · Scout Cavalry ×13 · Fishing Ship ×5
Feudal
16:14
Castle
27:08
Imperial
59:14
| APM avg | 33.2 |
| APM peak | 65 |
| eAPM avg | 14.0 |
| Villagers / military | 107 / 128 |
Focus
⚔️ 30.3% · 🌾 69.7%
Mameluke ×32 · Fishing Ship ×27 · Monk ×25 · Scout Cavalry ×14 · Battering Ram ×11 · Spearman ×10
Feudal
—
Castle
—
Imperial
—
| APM avg | 18.7 |
| APM peak | 41 |
| eAPM avg | 9.9 |
| Villagers / military | 97 / 149 |
Focus
⚔️ 28.8% · 🌾 71.2%
Cavalry Archer ×84 · Keshik ×60 · Fishing Ship ×13 · Monk ×3 · Transport Ship ×2 · Unknown (2626) ×2
Feudal
17:25
Castle
22:10
Imperial
52:45
| APM avg | 15.7 |
| APM peak | 47 |
| eAPM avg | 12.2 |
| Villagers / military | 259 / 107 |
Focus
⚔️ 23.6% · 🌾 76.4%
Knight ×43 · Teutonic Knight ×36 · Battering Ram ×12 · Trade Cart ×10 · Scout Cavalry ×10 · Fishing Ship ×7
Feudal
13:04
Castle
29:37
Imperial
46:39
| APM avg | 11.9 |
| APM peak | 35 |
| eAPM avg | 10.0 |
| Villagers / military | 109 / 236 |
Focus
⚔️ 38.4% · 🌾 61.6%
Scorpion ×80 · Battering Ram ×68 · Skirmisher ×32 · Kamayuk ×18 · Spearman ×17 · Petard ×15
Feudal
16:58
Castle
22:40
Imperial
35:25
| APM avg | 31.4 |
| APM peak | 74 |
| eAPM avg | 15.2 |
| Villagers / military | 137 / 148 |
Focus
⚔️ 23.8% · 🌾 76.2%
Knight ×73 · Archer ×45 · Fishing Ship ×29 · War Elephant ×12 · Spearman ×11 · Trebuchet (Packed) ×7
Feudal
14:11
Castle
19:53
Imperial
42:20
| APM avg | 29.2 |
| APM peak | 84 |
| eAPM avg | 14.1 |
| Villagers / military | 82 / 330 |
Focus
⚔️ 34.9% · 🌾 65.1%
Monaspa ×321 · Battering Ram ×7 · Knight ×2
Match map
Initial resources + every placement click. Lines = walls · curves = elevation contours. ◆ gold · ⬟ stone · ● berries · ✦ relic · ◌ wall gap
Your base· Open — unwalled flank
sesempower's base· Open — unwalled flank
Fanosh's base· Open — 6t gap
Moglash's base· Open — 14t gap
Liska.usata's base· Open — unwalled flank
Eve's base· Open — unwalled flank
DenaZ's base· Open — unwalled flank
GunBuster_CZ's base· Open — unwalled flank
Smoothed initial terrain · ◌ = detected wall gap · hover for details
Inputs per minute
— Marshall - - sesempower
Build order — Marshall
First 150 of 277 actions detected
| 0:29 | Build | Town Center |
| 0:40 | Build | Mill |
| 2:56 | Build | House |
| 2:57 | Build | House |
| 2:58 | Build | House |
| 2:59 | Build | House |
| 3:01 | Create | Villager (Male) |
| 3:02 | Create | Villager (Male) |
| 3:02 | Create | Villager (Male) |
| 3:03 | Create | Villager (Male) |
| 3:03 | Create | Villager (Male) |
| 3:46 | Create | Villager (Male) |
| 3:46 | Create | Villager (Male) |
| 4:50 | Create | Villager (Male) |
| 4:50 | Create | Villager (Male) |
| 5:17 | Create | Villager (Male) |
| 5:17 | Create | Villager (Male) |
| 5:41 | Create | Villager (Male) |
| 6:08 | Create | Villager (Male) |
| 6:17 | Create | Villager (Male) |
| 6:46 | Create | Villager (Male) |
| 7:11 | Build | Lumber Camp |
| 7:15 | Create | Villager (Male) |
| 7:16 | Create | Villager (Male) |
| 7:45 | Create | Villager (Male) |
| 7:48 | Create | Villager (Male) |
| 8:37 | Create | Villager (Male) |
| 8:37 | Create | Villager (Male) |
| 8:37 | Create | Villager (Male) |
| 8:47 | Build | House |
| 8:51 | Build | House |
| 9:16 | Create | Villager (Male) |
| 9:16 | Create | Villager (Male) |
| 9:16 | Create | Villager (Male) |
| 9:33 | Build | Mill |
| 10:24 | Create | Villager (Male) |
| 10:25 | Create | Villager (Male) |
| 10:25 | Create | Villager (Male) |
| 11:36 | Build | Barracks |
| 12:50 | Research | Feudal Age |
| 12:54 | Create | Militia |
| 13:21 | Create | Militia |
| 14:22 | Build | Mining Camp |
| 14:59 | Age | Feudal Age |
| 15:14 | Create | Villager (Male) |
| 15:14 | Create | Villager (Male) |
| 15:14 | Create | Villager (Male) |
| 15:15 | Create | Villager (Male) |
| 15:15 | Create | Villager (Male) |
| 15:15 | Create | Villager (Male) |
| 15:15 | Create | Villager (Male) |
| 15:27 | Build | House |
| 15:28 | Build | House |
| 15:29 | Build | House |
| 15:31 | Build | House |
| 15:47 | Research | Double-Bit Axe |
| 16:16 | Build | Mining Camp |
| 16:30 | Build | Mill |
| 16:45 | Build | Market |
| 16:52 | Build | Blacksmith |
| 17:26 | Build | Lumber Camp |
| 18:25 | Create | Villager (Male) |
| 18:25 | Create | Villager (Male) |
| 18:26 | Create | Villager (Male) |
| 18:26 | Create | Villager (Male) |
| 20:16 | Research | Castle Age |
| 20:29 | Build | Mill |
| 20:54 | Research | Man-at-Arms (upgrade) |
| 21:02 | Create | Militia |
| 21:37 | Create | Militia |
| 21:37 | Create | Spearman |
| 22:26 | Create | Spearman |
| 22:27 | Create | Militia |
| 22:56 | Age | Castle Age |
| 23:03 | Build | Castle |
| 24:07 | Create | Spearman |
| 24:07 | Create | Spearman |
| 24:07 | Create | Spearman |
| 24:23 | Build | Siege Workshop |
| 24:50 | Build | Mill |
| 24:54 | Research | Bow Saw |
| 25:04 | Build | Farm |
| 25:06 | Build | Farm |
| 25:09 | Research | Horse Collar |
| 25:20 | Build | Mining Camp |
| 25:23 | Create | Scorpion |
| 25:24 | Create | Scorpion |
| 25:24 | Create | Scorpion |
| 25:24 | Create | Scorpion |
| 25:24 | Create | Scorpion |
| 25:25 | Create | Scorpion |
| 25:25 | Create | Scorpion |
| 25:40 | Research | Padded Archer Armor |
| 26:07 | Build | Monastery |
| 26:12 | Build | University |
| 26:21 | Create | Villager (Male) |
| 26:22 | Create | Villager (Male) |
| 26:22 | Create | Villager (Male) |
| 26:54 | Create | Monk |
| 27:06 | Research | Fletching |
| 27:36 | Build | Castle |
| 28:19 | Research | Ballistics |
| 29:51 | Create | Scorpion |
| 29:52 | Create | Scorpion |
| 29:52 | Create | Scorpion |
| 30:05 | Build | Farm |
| 30:06 | Build | Farm |
| 30:07 | Build | Farm |
| 30:08 | Build | Farm |
| 30:24 | Research | Heavy Plow |
| 30:41 | Create | Villager (Male) |
| 30:41 | Create | Villager (Male) |
| 30:41 | Create | Villager (Male) |
| 30:42 | Create | Villager (Male) |
| 30:56 | Research | Stone Mining |
| 31:57 | Build | Castle |
| 32:10 | Research | Pikeman (upgrade) |
| 32:48 | Build | Lumber Camp |
| 32:57 | Create | Scorpion |
| 32:57 | Create | Scorpion |
| 32:57 | Create | Scorpion |
| 33:28 | Create | Spearman |
| 33:28 | Create | Spearman |
| 33:29 | Create | Spearman |
| 33:29 | Create | Spearman |
| 34:42 | Research | Long Swordsman (upgrade) |
| 35:04 | Research | Squires |
| 35:29 | Research | Ballistas |
| 36:55 | Create | Scorpion |
| 36:56 | Create | Scorpion |
| 36:56 | Create | Scorpion |
| 36:56 | Create | Scorpion |
| 38:49 | Build | Castle |
| 39:25 | Research | Imperial Age |
| 42:20 | Build | Lumber Camp |
| 42:33 | Create | Monk |
| 42:35 | Age | Imperial Age |
| 42:39 | Create | Trebuchet (Packed) |
| 43:14 | Build | Farm |
| 43:16 | Build | Farm |
| 43:19 | Create | Villager (Male) |
| 43:50 | Create | Trebuchet (Packed) |
| 44:29 | Research | Leather Archer Armor |
| 44:29 | Research | Bodkin Arrow |
| 45:51 | Build | Mining Camp |
| 46:18 | Create | Scorpion |
| 46:18 | Create | Scorpion |
| 46:18 | Create | Scorpion |
| 46:18 | Create | Scorpion |
| 46:26 | Research | Gold Mining |
Build order — sesempower
First 150 of 203 actions detected
| 1:04 | Build | Town Center |
| 2:49 | Build | House |
| 2:52 | Build | House |
| 2:54 | Build | House |
| 3:35 | Build | House |
| 3:38 | Build | House |
| 3:42 | Build | House |
| 3:56 | Research | Loom |
| 4:32 | Create | Villager (Male) |
| 5:39 | Create | Villager (Male) |
| 6:05 | Create | Villager (Male) |
| 6:35 | Create | Villager (Male) |
| 6:54 | Create | Villager (Male) |
| 7:16 | Create | Villager (Male) |
| 7:33 | Create | Villager (Male) |
| 9:17 | Create | Villager (Male) |
| 9:18 | Create | Villager (Male) |
| 9:18 | Create | Villager (Male) |
| 9:34 | Build | Mill |
| 10:06 | Create | Villager (Male) ×2 |
| 11:15 | Create | Villager (Male) |
| 11:43 | Create | Villager (Male) |
| 11:43 | Create | Villager (Male) |
| 11:43 | Create | Villager (Male) |
| 11:44 | Create | Villager (Male) |
| 12:03 | Create | Villager (Male) |
| 12:04 | Create | Villager (Male) |
| 12:04 | Create | Villager (Male) |
| 12:52 | Create | Villager (Male) |
| 13:21 | Build | Dock |
| 14:05 | Create | Fishing Ship ×5 |
| 14:57 | Create | Villager (Male) |
| 15:21 | Create | Villager (Male) |
| 15:37 | Build | Barracks |
| 15:47 | Research | Feudal Age |
| 16:55 | Build | Lumber Camp |
| 18:02 | Build | Archery Range |
| 18:30 | Research | Wheelbarrow |
| 18:31 | Research | Town Watch |
| 18:34 | Research | Double-Bit Axe |
| 18:44 | Build | Blacksmith |
| 19:05 | Build | Stable |
| 19:13 | Create | Archer ×5 |
| 19:46 | Research | Tech 906 |
| 20:17 | Create | Villager (Male) |
| 20:17 | Create | Villager (Male) |
| 20:40 | Create | Scout Cavalry |
| 21:05 | Build | House |
| 21:06 | Build | House |
| 21:29 | Create | Villager (Male) |
| 21:32 | Create | Villager (Male) |
| 21:39 | Create | Villager (Male) |
| 21:47 | Build | Mill |
| 21:52 | Create | Archer ×5 |
| 22:15 | Research | Castle Age |
| 22:22 | Build | House |
| 22:51 | Research | Scale Barding Armor |
| 22:54 | Research | Fletching |
| 22:55 | Research | Padded Archer Armor |
| 23:13 | Build | House |
| 23:14 | Build | House |
| 23:54 | Build | Archery Range |
| 23:57 | Build | Archery Range |
| 25:26 | Research | Hand Cart |
| 25:29 | Research | Bow Saw |
| 25:37 | Research | Crossbowman (upgrade) |
| 25:40 | Research | Thumb Ring |
| 26:16 | Create | Villager (Male) ×2 |
| 26:38 | Research | Gillnets |
| 28:05 | Build | Stone Wall |
| 28:21 | Build | Castle |
| 28:43 | Build | Town Center |
| 29:19 | Create | Villager (Male) ×5 |
| 29:26 | Build | University |
| 29:45 | Build | Farm |
| 29:46 | Build | Farm |
| 29:47 | Build | Farm |
| 29:47 | Build | Farm |
| 29:48 | Build | Farm |
| 29:49 | Build | Farm |
| 29:50 | Build | Farm |
| 29:52 | Build | Farm |
| 29:54 | Research | Horse Collar |
| 30:02 | Build | Farm |
| 30:04 | Build | Farm |
| 30:05 | Build | Farm |
| 30:06 | Build | Farm |
| 30:32 | Build | Stone Wall |
| 31:05 | Research | Murder Holes |
| 31:06 | Research | Ballistics |
| 31:45 | Create | Archer ×5 |
| 31:45 | Create | Archer ×3 |
| 32:35 | Build | Stone Wall |
| 32:40 | Build | Gate |
| 32:52 | Build | Mining Camp |
| 32:57 | Create | Villager (Male) ×5 |
| 33:05 | Research | Fortified Wall (upgrade) |
| 33:17 | Create | Archer ×4 |
| 33:24 | Create | Villager (Male) ×5 |
| 33:47 | Research | Gold Mining |
| 35:19 | Create | Archer ×5 |
| 35:20 | Create | Archer ×2 |
| 35:48 | Create | Villager (Male) ×5 |
| 36:07 | Create | Archer ×3 |
| 36:51 | Build | Castle |
| 37:07 | Build | Stone Wall |
| 37:31 | Research | Pikeman (upgrade) |
| 37:32 | Research | Squires |
| 37:33 | Research | Arson |
| 37:43 | Build | Barracks |
| 37:45 | Build | Barracks |
| 37:50 | Build | Barracks |
| 38:27 | Research | Bodkin Arrow |
| 38:27 | Research | Leather Archer Armor |
| 38:54 | Create | Spearman ×5 |
| 38:55 | Create | Spearman ×5 |
| 38:56 | Create | Spearman ×5 |
| 38:57 | Create | Spearman ×5 |
| 39:10 | Create | Archer ×3 |
| 39:11 | Create | Archer ×3 |
| 39:17 | Create | Villager (Male) ×5 |
| 39:20 | Research | Stone Mining |
| 40:16 | Create | Spearman ×5 |
| 40:52 | Create | Archer ×5 |
| 41:02 | Build | Stone Wall |
| 41:10 | Build | Gate |
| 41:35 | Create | Archer ×5 |
| 41:54 | Create | Chu Ko Nu ×5 |
| 41:55 | Create | Chu Ko Nu ×5 |
| 42:20 | Research | Scale Mail Armor |
| 42:22 | Research | Forging |
| 42:55 | Create | Villager (Male) ×5 |
| 43:52 | Research | Light Cavalry (upgrade) |
| 43:52 | Research | Bloodlines |
| 43:54 | Research | Husbandry |
| 44:03 | Build | Mining Camp |
| 45:14 | Build | Stone Wall |
| 45:20 | Build | Gate |
| 45:29 | Research | Imperial Age |
| 45:40 | Create | Chu Ko Nu ×5 |
| 45:40 | Create | Chu Ko Nu ×4 |
| 45:42 | Create | Chu Ko Nu |
| 45:56 | Build | Castle |
| 46:08 | Build | Mining Camp |
| 46:14 | Create | Scout Cavalry ×5 |
| 46:14 | Create | Scout Cavalry ×5 |
| 46:14 | Create | Scout Cavalry ×2 |
| 47:06 | Create | Villager (Male) ×5 |
| 48:48 | Build | Market |
| 49:11 | Research | Chemistry |
Build order — Fanosh
First 150 of 372 actions detected
| 1:27 | Build | Town Center |
| 3:15 | Build | House |
| 3:18 | Build | House |
| 4:03 | Create | Villager (Male) |
| 4:04 | Create | Villager (Male) |
| 4:04 | Create | Villager (Male) |
| 4:04 | Create | Villager (Male) |
| 4:04 | Create | Villager (Male) |
| 4:22 | Build | House |
| 4:26 | Research | Loom |
| 5:20 | Create | Villager (Male) |
| 5:20 | Create | Villager (Male) |
| 6:04 | Build | Dock |
| 6:18 | Create | Villager (Male) |
| 6:44 | Create | Fishing Ship |
| 7:30 | Create | Villager (Male) |
| 7:30 | Create | Villager (Male) |
| 7:34 | Create | Fishing Ship |
| 8:27 | Create | Villager (Male) |
| 8:29 | Create | Fishing Ship |
| 8:47 | Create | Villager (Male) |
| 8:47 | Create | Villager (Male) |
| 9:02 | Create | Villager (Male) |
| 9:11 | Create | Fishing Ship |
| 9:43 | Create | Villager (Male) |
| 10:39 | Create | Villager (Male) |
| 10:53 | Create | Villager (Male) |
| 11:07 | Build | House |
| 11:10 | Build | House |
| 11:33 | Create | Villager (Male) |
| 11:33 | Create | Villager (Male) |
| 12:02 | Build | Lumber Camp |
| 12:20 | Create | Villager (Male) |
| 12:20 | Create | Villager (Male) |
| 12:30 | Build | Barracks |
| 12:35 | Create | Villager (Male) |
| 12:35 | Create | Villager (Male) |
| 12:39 | Create | Fishing Ship |
| 13:24 | Build | Mill |
| 13:53 | Research | Feudal Age |
| 14:30 | Build | Mining Camp |
| 15:12 | Create | Militia |
| 15:13 | Create | Militia |
| 15:13 | Create | Militia |
| 16:14 | Age | Feudal Age |
| 16:29 | Create | Villager (Male) |
| 16:29 | Create | Villager (Male) |
| 16:30 | Create | Villager (Male) |
| 16:37 | Create | Fire Galley |
| 17:16 | Create | Unit 2626 |
| 17:29 | Build | Dock |
| 17:43 | Build | House |
| 17:44 | Build | House |
| 17:47 | Build | House |
| 17:59 | Build | House |
| 18:26 | Research | Double-Bit Axe |
| 18:35 | Create | Unit 2626 |
| 19:13 | Create | Unit 2626 |
| 19:14 | Create | Unit 2626 |
| 19:24 | Research | Gold Mining |
| 19:32 | Create | Villager (Male) |
| 19:32 | Create | Villager (Male) |
| 20:08 | Create | Unit 2626 |
| 20:28 | Build | Market |
| 20:35 | Build | Stone Wall |
| 20:36 | Build | Stone Wall |
| 20:38 | Build | Stone Wall |
| 21:20 | Create | Villager (Male) |
| 21:29 | Build | Mining Camp |
| 21:32 | Research | Tech 906 |
| 21:38 | Create | Fishing Ship |
| 21:53 | Create | Villager (Male) |
| 21:54 | Create | Villager (Male) |
| 21:54 | Create | Villager (Male) |
| 21:54 | Create | Villager (Male) |
| 21:57 | Create | Villager (Male) |
| 22:02 | Research | Stone Mining |
| 22:24 | Create | Fishing Ship |
| 22:31 | Create | Galley |
| 23:02 | Create | Spearman |
| 23:14 | Build | Blacksmith |
| 23:23 | Create | Fishing Ship |
| 23:31 | Create | Spearman |
| 23:31 | Create | Spearman |
| 23:43 | Build | Stone Wall |
| 24:00 | Create | Spearman |
| 24:28 | Research | Castle Age |
| 24:37 | Build | Stable |
| 24:47 | Build | Palisade Gate |
| 24:55 | Build | Stone Wall |
| 25:09 | Create | Spearman |
| 25:09 | Create | Spearman |
| 25:41 | Build | Stone Wall |
| 26:19 | Build | Mining Camp |
| 26:37 | Create | Spearman |
| 26:37 | Create | Spearman |
| 26:46 | Create | Scout Cavalry |
| 26:46 | Create | Scout Cavalry |
| 26:47 | Create | Scout Cavalry |
| 27:08 | Age | Castle Age |
| 27:41 | Build | Monastery |
| 27:43 | Create | Camel Scout |
| 27:43 | Create | Camel Scout |
| 28:12 | Create | Camel Scout |
| 28:39 | Create | Monk |
| 28:43 | Research | Sanctity |
| 29:00 | Research | Gold Shaft Mining |
| 29:48 | Create | Monk |
| 30:09 | Create | Scout Cavalry |
| 31:14 | Build | Town Center |
| 31:30 | Build | Siege Workshop |
| 31:44 | Build | Lumber Camp |
| 32:03 | Create | Monk |
| 32:41 | Create | Monk |
| 32:44 | Research | Fervor |
| 32:48 | Create | Monk |
| 32:57 | Research | Bow Saw |
| 33:15 | Create | Villager (Male) |
| 33:15 | Create | Villager (Male) |
| 33:15 | Create | Villager (Male) |
| 33:15 | Create | Villager (Male) |
| 33:16 | Create | Villager (Male) |
| 33:50 | Research | Scale Barding Armor |
| 33:51 | Research | Forging |
| 34:01 | Build | Dock |
| 34:08 | Create | Villager (Male) |
| 34:08 | Create | Villager (Male) |
| 34:23 | Create | Battering Ram |
| 34:23 | Create | Battering Ram |
| 34:36 | Create | Monk |
| 34:53 | Create | Villager (Male) |
| 34:54 | Create | Villager (Male) |
| 34:59 | Build | House |
| 35:00 | Build | House |
| 35:00 | Build | House |
| 35:00 | Build | House |
| 35:20 | Build | House |
| 35:21 | Build | House |
| 35:21 | Build | House |
| 35:21 | Build | House |
| 35:21 | Build | House |
| 35:22 | Build | House |
| 35:22 | Build | House |
| 35:58 | Create | Battering Ram |
| 36:25 | Build | Castle |
| 36:39 | Build | University |
| 36:48 | Build | Lumber Camp |
| 37:03 | Create | Camel Scout |
| 37:03 | Create | Camel Scout |
| 37:05 | Create | Spearman |
Build order — Moglash
First 150 of 327 actions detected
| 2:22 | Build | Town Center |
| 3:09 | Build | House |
| 4:11 | Build | Palisade Wall |
| 4:24 | Create | Villager (Male) ×4 |
| 4:44 | Research | Loom |
| 5:54 | Create | Villager (Male) |
| 6:06 | Build | House |
| 6:56 | Create | Villager (Male) |
| 7:03 | Build | House |
| 7:22 | Build | Palisade Wall |
| 7:29 | Create | Villager (Male) |
| 8:16 | Build | Dock |
| 8:18 | Create | Villager (Male) |
| 8:34 | Create | Villager (Male) |
| 9:01 | Create | Fishing Ship |
| 9:20 | Create | Villager (Male) |
| 9:42 | Create | Villager (Male) |
| 9:48 | Build | House |
| 9:55 | Create | Villager (Male) |
| 10:15 | Create | Villager (Male) |
| 10:34 | Create | Fishing Ship |
| 10:46 | Build | House |
| 10:53 | Create | Villager (Male) |
| 11:04 | Create | Villager (Male) |
| 11:15 | Create | Fishing Ship |
| 11:27 | Build | Palisade Wall |
| 11:33 | Create | Villager (Male) |
| 11:54 | Create | Villager (Male) |
| 11:59 | Create | Fishing Ship |
| 12:14 | Build | Palisade Wall |
| 12:31 | Create | Villager (Male) |
| 12:42 | Create | Fishing Ship |
| 12:57 | Create | Villager (Male) |
| 13:21 | Build | Mining Camp |
| 13:28 | Create | Villager (Male) |
| 14:01 | Research | Feudal Age |
| 14:13 | Create | Fishing Ship |
| 14:55 | Build | Barracks |
| 15:19 | Build | House |
| 15:53 | Build | Lumber Camp |
| 15:56 | Create | Villager (Male) |
| 15:56 | Create | Villager (Male) |
| 15:56 | Create | Villager (Male) |
| 16:47 | Research | Double-Bit Axe |
| 17:33 | Build | Archery Range |
| 17:43 | Create | Villager (Male) |
| 17:44 | Create | Villager (Male) |
| 18:18 | Build | Blacksmith |
| 18:29 | Create | Villager (Male) |
| 18:41 | Build | House |
| 18:52 | Create | Villager (Male) |
| 19:09 | Research | Castle Age |
| 19:14 | Build | House |
| 19:25 | Research | Stone Mining |
| 19:32 | Build | Outpost |
| 19:57 | Build | Outpost |
| 20:21 | Research | Gold Mining |
| 20:31 | Build | Gate |
| 20:59 | Create | Fishing Ship |
| 21:38 | Research | Padded Archer Armor |
| 21:52 | Build | Outpost |
| 21:58 | Create | Cavalry Archer |
| 21:58 | Create | Cavalry Archer |
| 22:02 | Create | Villager (Male) |
| 22:02 | Create | Villager (Male) |
| 22:02 | Create | Villager (Male) |
| 22:32 | Build | Outpost |
| 22:42 | Build | Town Center |
| 22:55 | Build | Castle |
| 23:09 | Create | Villager (Male) |
| 23:10 | Create | Villager (Male) |
| 24:01 | Create | Cavalry Archer |
| 24:01 | Create | Cavalry Archer |
| 24:01 | Create | Cavalry Archer |
| 24:02 | Create | Cavalry Archer |
| 24:35 | Create | Keshik |
| 24:50 | Build | Stone Wall |
| 25:42 | Create | Keshik |
| 25:42 | Create | Keshik |
| 25:51 | Build | Mining Camp |
| 26:12 | Research | Scale Barding Armor |
| 26:13 | Research | Forging |
| 26:29 | Create | Villager (Male) ×4 |
| 27:29 | Create | Keshik |
| 27:29 | Create | Keshik |
| 27:36 | Build | House |
| 27:37 | Build | House |
| 27:38 | Build | House |
| 27:58 | Create | Villager (Male) |
| 28:03 | Build | Monastery |
| 28:16 | Build | Mill |
| 28:39 | Build | Stone Wall |
| 28:55 | Create | Cavalry Archer |
| 28:55 | Create | Cavalry Archer |
| 28:55 | Create | Cavalry Archer |
| 29:09 | Create | Villager (Male) |
| 29:10 | Create | Villager (Male) |
| 29:16 | Create | Villager (Male) |
| 29:17 | Create | Villager (Male) |
| 29:19 | Create | Unit 2626 |
| 29:20 | Create | Unit 2626 |
| 29:42 | Build | Farm |
| 29:42 | Build | Farm |
| 29:42 | Build | Farm |
| 29:43 | Build | Farm |
| 29:43 | Build | Farm |
| 29:43 | Build | Farm |
| 29:43 | Build | Farm |
| 29:44 | Build | Farm |
| 29:44 | Build | Farm |
| 29:44 | Build | Farm |
| 29:44 | Build | Farm |
| 29:50 | Create | Villager (Male) |
| 29:50 | Create | Villager (Male) |
| 30:06 | Create | Monk |
| 30:29 | Build | University |
| 30:37 | Create | Villager (Male) |
| 30:37 | Create | Villager (Male) |
| 30:41 | Create | Villager (Male) |
| 30:42 | Create | Villager (Male) |
| 31:34 | Create | Keshik |
| 31:53 | Create | Monk |
| 33:06 | Create | Keshik |
| 34:24 | Create | Fishing Ship |
| 34:24 | Create | Fishing Ship |
| 34:57 | Build | Fish Trap |
| 35:22 | Create | Keshik |
| 36:02 | Create | Fishing Ship |
| 36:02 | Create | Fishing Ship |
| 36:13 | Build | Castle |
| 36:29 | Create | Transport Ship |
| 36:29 | Create | Transport Ship |
| 41:29 | Build | Town Center |
| 41:46 | Build | Castle |
| 42:17 | Create | Villager (Male) |
| 42:18 | Create | Villager (Male) |
| 42:18 | Create | Villager (Male) |
| 42:23 | Build | Mining Camp |
| 42:36 | Build | Dock |
| 42:48 | Build | Town Center |
| 42:54 | Create | Villager (Male) |
| 42:54 | Create | Villager (Male) |
| 42:54 | Create | Villager (Male) |
| 43:26 | Build | Monastery |
| 43:38 | Create | Fishing Ship |
| 43:38 | Create | Fishing Ship |
| 44:10 | Create | Monk |
| 44:27 | Create | Villager (Male) |
| 44:56 | Create | Villager (Male) |
| 44:56 | Create | Villager (Male) |
Build order — Liska.usata
First 150 of 616 actions detected
| 2:00 | Build | Town Center |
| 3:29 | Build | Dock |
| 3:39 | Build | House |
| 3:41 | Build | House |
| 4:42 | Create | Villager (Male) |
| 4:42 | Create | Villager (Male) |
| 4:42 | Create | Villager (Male) |
| 4:42 | Create | Villager (Male) |
| 6:08 | Build | House |
| 6:19 | Create | Villager (Male) |
| 6:53 | Research | Loom |
| 7:36 | Create | Villager (Male) |
| 7:36 | Create | Villager (Male) |
| 7:49 | Create | Fishing Ship |
| 8:01 | Create | Villager (Male) |
| 8:01 | Create | Villager (Male) |
| 8:27 | Create | Villager (Male) |
| 8:48 | Create | Villager (Male) |
| 9:25 | Create | Fishing Ship |
| 9:32 | Create | Villager (Male) |
| 9:32 | Create | Villager (Male) |
| 9:32 | Create | Villager (Male) |
| 9:57 | Create | Villager (Male) |
| 9:57 | Create | Villager (Male) |
| 10:30 | Create | Fishing Ship |
| 10:36 | Create | Villager (Male) |
| 10:36 | Create | Villager (Male) |
| 11:00 | Build | House |
| 11:11 | Create | Villager (Male) |
| 11:35 | Create | Villager (Male) |
| 11:36 | Create | Villager (Male) |
| 12:07 | Create | Villager (Male) |
| 12:08 | Create | Villager (Male) |
| 12:27 | Build | House |
| 12:33 | Build | House |
| 13:00 | Create | Villager (Male) |
| 13:06 | Create | Fishing Ship |
| 13:26 | Build | House |
| 13:35 | Create | Villager (Male) |
| 14:08 | Build | Lumber Camp |
| 14:50 | Create | Villager (Male) |
| 15:06 | Research | Feudal Age |
| 15:17 | Create | Fishing Ship |
| 15:18 | Create | Fishing Ship |
| 16:07 | Create | Fishing Ship |
| 17:17 | Create | Villager (Male) |
| 17:25 | Age | Feudal Age |
| 17:29 | Build | Barracks |
| 17:37 | Build | Blacksmith |
| 17:46 | Research | Double-Bit Axe |
| 18:00 | Build | Mill |
| 18:21 | Build | Stable |
| 18:28 | Create | Villager (Male) |
| 18:29 | Create | Villager (Male) |
| 18:35 | Build | House |
| 18:37 | Build | House |
| 19:07 | Research | Horse Collar |
| 19:30 | Research | Castle Age |
| 19:42 | Build | Stable |
| 19:55 | Build | House |
| 20:08 | Build | House |
| 20:13 | Create | Villager (Male) |
| 20:13 | Create | Villager (Male) |
| 20:24 | Build | Farm |
| 20:25 | Build | Farm |
| 20:26 | Build | Farm |
| 20:27 | Build | Farm |
| 20:39 | Build | Farm |
| 20:40 | Create | Villager (Male) |
| 20:41 | Create | Villager (Male) |
| 20:41 | Create | Villager (Male) |
| 20:50 | Research | Bloodlines |
| 21:17 | Create | Villager (Male) |
| 21:30 | Build | House |
| 21:33 | Build | House |
| 21:44 | Research | Forging |
| 21:59 | Research | Scale Barding Armor |
| 22:10 | Age | Castle Age |
| 22:15 | Build | Town Center |
| 22:19 | Create | Knight |
| 22:19 | Create | Knight |
| 22:19 | Create | Knight |
| 22:29 | Create | Villager (Male) |
| 22:54 | Create | Knight |
| 22:55 | Create | Knight |
| 23:48 | Create | Knight |
| 24:08 | Create | Villager (Male) |
| 24:08 | Create | Villager (Male) |
| 24:08 | Create | Villager (Male) |
| 24:09 | Create | Villager (Male) |
| 24:09 | Create | Villager (Male) |
| 24:13 | Create | Villager (Male) |
| 24:13 | Create | Villager (Male) |
| 24:13 | Create | Villager (Male) |
| 24:31 | Create | Knight |
| 24:51 | Create | Knight |
| 24:54 | Create | Villager (Male) |
| 25:01 | Build | Farm |
| 25:02 | Build | Farm |
| 25:03 | Build | Farm |
| 25:04 | Build | Farm |
| 25:07 | Build | Farm |
| 25:19 | Create | Villager (Male) |
| 25:19 | Create | Villager (Male) |
| 25:30 | Create | Knight |
| 26:02 | Build | Town Center |
| 26:14 | Create | Villager (Male) |
| 26:14 | Create | Villager (Male) |
| 26:14 | Create | Villager (Male) |
| 26:15 | Create | Villager (Male) |
| 26:56 | Create | Knight |
| 26:56 | Create | Knight |
| 27:38 | Create | Villager (Male) |
| 27:38 | Create | Villager (Male) |
| 27:38 | Create | Villager (Male) |
| 27:38 | Create | Villager (Male) |
| 27:43 | Create | Villager (Male) |
| 27:43 | Create | Villager (Male) |
| 27:43 | Create | Villager (Male) |
| 27:44 | Create | Villager (Male) |
| 27:49 | Build | Town Center |
| 28:29 | Create | Villager (Male) |
| 28:30 | Create | Villager (Male) |
| 28:30 | Create | Villager (Male) |
| 28:35 | Create | Villager (Male) |
| 28:35 | Create | Villager (Male) |
| 28:35 | Create | Villager (Male) |
| 28:35 | Create | Villager (Male) |
| 29:39 | Create | Villager (Male) |
| 29:39 | Create | Villager (Male) |
| 29:39 | Create | Villager (Male) |
| 29:40 | Create | Villager (Male) |
| 29:40 | Create | Villager (Male) |
| 29:40 | Create | Villager (Male) |
| 29:45 | Create | Villager (Male) |
| 29:54 | Build | Farm |
| 29:55 | Build | Farm |
| 29:56 | Build | Farm |
| 29:57 | Build | Farm |
| 29:58 | Build | Farm |
| 29:59 | Build | Farm |
| 30:00 | Build | Farm |
| 30:02 | Build | Farm |
| 30:04 | Build | Farm |
| 30:05 | Build | Farm |
| 30:06 | Build | Farm |
| 30:09 | Build | Mill |
| 30:11 | Build | House |
| 30:19 | Create | Knight |
| 30:24 | Create | Villager (Male) |
Build order — Eve
First 150 of 291 actions detected
| 2:14 | Build | Town Center |
| 3:54 | Create | Villager (Male) |
| 3:55 | Create | Villager (Male) |
| 3:55 | Create | Villager (Male) |
| 3:55 | Create | Villager (Male) |
| 4:02 | Build | House |
| 4:03 | Build | House |
| 4:47 | Research | Loom |
| 5:21 | Build | Settlement |
| 5:24 | Create | Villager (Male) |
| 5:24 | Create | Villager (Male) |
| 5:59 | Create | Villager (Male) |
| 6:23 | Create | Villager (Male) |
| 6:42 | Create | Villager (Male) |
| 7:51 | Create | Villager (Male) |
| 7:57 | Research | Loom |
| 8:03 | Create | Villager (Male) |
| 8:03 | Create | Villager (Male) |
| 8:04 | Research | Loom |
| 10:29 | Create | Villager (Male) |
| 10:29 | Create | Villager (Male) |
| 10:50 | Research | Feudal Age |
| 12:06 | Build | Settlement |
| 12:51 | Build | Dock |
| 13:02 | Build | Farm |
| 13:04 | Age | Feudal Age |
| 13:07 | Research | Double-Bit Axe |
| 13:11 | Research | Town Watch |
| 13:12 | Create | Villager (Male) |
| 13:13 | Create | Villager (Male) |
| 13:25 | Build | Farm |
| 13:37 | Build | Farm |
| 13:55 | Create | Villager (Male) |
| 14:06 | Create | Fishing Ship |
| 14:26 | Build | Farm |
| 14:56 | Build | Settlement |
| 15:33 | Create | Villager (Male) ×2 |
| 15:55 | Build | Farm |
| 16:03 | Build | Farm |
| 16:08 | Research | Horse Collar |
| 16:42 | Create | Villager (Male) |
| 16:54 | Build | Farm |
| 16:58 | Create | Villager (Male) |
| 17:13 | Create | Fishing Ship |
| 17:14 | Create | Fishing Ship |
| 17:32 | Build | Farm |
| 17:36 | Create | Villager (Male) |
| 17:54 | Build | Barracks |
| 18:05 | Create | Villager (Male) |
| 18:05 | Create | Villager (Male) |
| 18:18 | Create | Villager (Male) |
| 18:29 | Build | Farm |
| 18:37 | Build | Farm |
| 18:40 | Create | Villager (Male) |
| 18:50 | Create | Spearman |
| 18:50 | Create | Spearman |
| 18:54 | Create | Spearman |
| 19:26 | Build | Blacksmith |
| 19:29 | Research | Arson |
| 19:42 | Create | Villager (Male) |
| 19:42 | Create | Villager (Male) |
| 19:42 | Create | Villager (Male) |
| 20:08 | Research | Tech 1402 |
| 20:23 | Build | Market |
| 20:38 | Build | Farm |
| 20:45 | Build | Farm |
| 20:47 | Create | Villager (Male) |
| 20:48 | Create | Villager (Male) |
| 20:48 | Create | Villager (Male) |
| 20:52 | Create | Villager (Male) |
| 21:34 | Build | Archery Range |
| 21:56 | Build | Settlement |
| 22:12 | Research | Wheelbarrow |
| 22:16 | Research | Forging |
| 22:21 | Research | Scale Mail Armor |
| 22:48 | Research | Padded Archer Armor |
| 23:00 | Build | Farm |
| 23:33 | Create | Archer ×5 |
| 23:47 | Create | Spearman ×5 |
| 23:47 | Create | Spearman ×5 |
| 24:50 | Build | Farm |
| 24:56 | Build | Farm |
| 25:44 | Build | Town Center |
| 26:00 | Research | Stone Mining |
| 26:12 | Create | Skirmisher |
| 26:27 | Create | Skirmisher |
| 26:57 | Research | Castle Age |
| 27:42 | Create | Skirmisher |
| 28:04 | Research | Fletching |
| 28:10 | Create | Unit 2550 |
| 28:11 | Create | Unit 2550 |
| 28:11 | Create | Unit 2550 |
| 28:11 | Create | Unit 2550 |
| 28:43 | Create | Skirmisher ×5 |
| 28:43 | Create | Skirmisher ×5 |
| 29:15 | Create | Spearman |
| 29:15 | Create | Spearman |
| 29:17 | Create | Spearman ×2 |
| 29:21 | Create | Skirmisher |
| 29:23 | Create | Archer |
| 29:37 | Age | Castle Age |
| 30:02 | Build | Castle |
| 30:43 | Research | Elite Skirmisher (upgrade) |
| 30:46 | Research | Bodkin Arrow |
| 32:02 | Create | Kamayuk |
| 32:09 | Research | Squires |
| 32:47 | Build | Farm |
| 32:47 | Build | Farm |
| 32:47 | Build | Farm |
| 32:48 | Build | Farm |
| 32:48 | Build | Farm |
| 32:51 | Create | Villager (Male) ×2 |
| 33:10 | Create | Kamayuk |
| 33:10 | Create | Kamayuk |
| 33:24 | Research | Gold Mining |
| 33:33 | Build | Farm |
| 34:04 | Research | Pikeman (upgrade) |
| 34:26 | Build | Farm |
| 34:39 | Build | Farm |
| 34:45 | Research | Heavy Plow |
| 35:01 | Research | Bow Saw |
| 35:36 | Create | Kamayuk |
| 35:36 | Create | Kamayuk |
| 35:36 | Create | Kamayuk |
| 35:36 | Create | Kamayuk |
| 36:12 | Research | Leather Archer Armor |
| 36:32 | Research | Gold Shaft Mining |
| 36:48 | Build | Town Center |
| 37:06 | Create | Villager (Male) ×5 |
| 37:07 | Create | Villager (Male) ×5 |
| 37:20 | Create | Villager (Male) |
| 37:56 | Build | Farm |
| 38:21 | Build | Farm |
| 38:51 | Create | Villager (Male) ×5 |
| 38:52 | Create | Villager (Male) ×4 |
| 39:12 | Create | Petard |
| 39:15 | Create | Petard |
| 39:24 | Build | Farm |
| 40:08 | Create | Petard ×5 |
| 40:08 | Create | Petard ×5 |
| 40:14 | Create | Kamayuk |
| 40:14 | Create | Kamayuk |
| 40:15 | Create | Kamayuk |
| 41:15 | Research | Hand Cart |
| 41:29 | Build | Farm |
| 41:29 | Build | Farm |
| 41:29 | Build | Farm |
| 41:30 | Build | Farm |
| 41:30 | Build | Farm |
| 41:36 | Create | Villager (Male) ×3 |
Build order — DenaZ
First 150 of 360 actions detected
| 1:02 | Build | Dock |
| 2:27 | Build | Town Center |
| 4:26 | Create | Villager (Male) |
| 4:27 | Create | Villager (Male) |
| 4:27 | Create | Villager (Male) |
| 4:27 | Create | Villager (Male) |
| 4:28 | Create | Villager (Male) |
| 4:33 | Build | House |
| 4:35 | Build | House |
| 4:38 | Build | House |
| 4:42 | Build | House |
| 4:46 | Create | Villager (Male) |
| 6:10 | Create | Villager (Male) |
| 6:10 | Create | Villager (Male) |
| 6:54 | Create | Villager (Male) |
| 6:54 | Create | Villager (Male) |
| 7:13 | Create | Villager (Male) |
| 7:14 | Create | Villager (Male) |
| 7:38 | Create | Villager (Male) |
| 8:00 | Create | Villager (Male) |
| 8:06 | Create | Fishing Ship |
| 8:39 | Create | Villager (Male) |
| 8:44 | Create | Fishing Ship |
| 8:54 | Create | Villager (Male) |
| 9:31 | Create | Fishing Ship |
| 10:04 | Create | Villager (Male) |
| 10:04 | Create | Villager (Male) |
| 10:09 | Create | Fishing Ship |
| 10:09 | Create | Fishing Ship |
| 10:09 | Create | Fishing Ship |
| 10:17 | Create | Villager (Male) |
| 10:17 | Create | Villager (Male) |
| 10:47 | Build | House |
| 10:57 | Build | House |
| 11:08 | Research | Loom |
| 11:21 | Create | Fishing Ship |
| 11:22 | Create | Fishing Ship |
| 11:29 | Create | Fishing Ship |
| 11:44 | Create | Villager (Male) |
| 12:06 | Build | House |
| 12:15 | Create | Villager (Male) |
| 12:21 | Create | Fishing Ship |
| 12:21 | Create | Fishing Ship |
| 13:18 | Build | Mill |
| 13:19 | Create | Villager (Male) |
| 13:20 | Create | Villager (Male) |
| 13:21 | Create | Villager (Male) |
| 13:39 | Build | Lumber Camp |
| 13:42 | Create | Villager (Male) |
| 14:06 | Build | Farm |
| 14:27 | Create | Fishing Ship |
| 14:30 | Research | Feudal Age |
| 14:33 | Research | Feudal Age |
| 14:38 | Build | Farm |
| 15:12 | Create | Villager (Male) |
| 15:16 | Build | House |
| 15:17 | Build | House |
| 15:19 | Build | House |
| 15:39 | Build | Barracks |
| 15:51 | Build | Farm |
| 16:07 | Build | Barracks |
| 16:28 | Build | House |
| 16:58 | Age | Feudal Age |
| 16:59 | Create | Unit 2626 |
| 16:59 | Create | Unit 2626 |
| 17:14 | Build | Blacksmith |
| 17:20 | Build | Market |
| 17:27 | Create | Villager (Male) |
| 17:27 | Create | Villager (Male) |
| 17:35 | Build | Farm |
| 17:35 | Build | Farm |
| 17:36 | Build | Farm |
| 17:36 | Build | Farm |
| 18:25 | Research | Tech 906 |
| 18:44 | Create | Villager (Male) |
| 18:44 | Create | Villager (Male) |
| 18:50 | Build | Farm |
| 18:50 | Build | Farm |
| 18:50 | Build | Farm |
| 19:23 | Create | Villager (Male) |
| 19:26 | Build | Farm |
| 19:50 | Create | Villager (Male) |
| 20:05 | Build | Farm |
| 20:10 | Research | Castle Age |
| 20:27 | Build | Stable |
| 20:56 | Create | Villager (Male) |
| 20:57 | Create | Villager (Male) |
| 21:28 | Build | Mining Camp |
| 22:40 | Age | Castle Age |
| 22:41 | Research | Forging |
| 22:42 | Research | Scale Barding Armor |
| 22:44 | Create | Knight |
| 22:45 | Create | Knight |
| 23:12 | Build | Dock |
| 23:21 | Create | Villager (Male) |
| 23:39 | Create | Spearman |
| 23:53 | Research | Iron Casting |
| 24:02 | Create | Fishing Ship |
| 24:02 | Create | Fishing Ship |
| 24:05 | Create | Villager (Male) |
| 24:06 | Create | Villager (Male) |
| 24:18 | Create | Villager (Male) |
| 24:19 | Create | Villager (Male) |
| 25:03 | Create | Spearman |
| 25:06 | Build | Farm |
| 25:10 | Create | Villager (Male) |
| 25:47 | Create | Villager (Male) |
| 25:47 | Create | Villager (Male) |
| 26:03 | Create | Villager (Male) |
| 26:03 | Create | Villager (Male) |
| 26:06 | Create | Fishing Ship |
| 26:06 | Create | Fishing Ship |
| 26:20 | Build | Castle |
| 26:27 | Create | Knight |
| 26:28 | Create | Knight |
| 27:06 | Create | Villager (Male) |
| 27:06 | Create | Villager (Male) |
| 27:51 | Create | Villager (Male) |
| 27:52 | Create | Villager (Male) |
| 28:05 | Create | War Elephant |
| 28:21 | Create | Villager (Male) |
| 28:42 | Create | War Elephant |
| 28:42 | Create | War Elephant |
| 28:49 | Build | Town Center |
| 28:54 | Create | Villager (Male) |
| 28:54 | Create | Villager (Male) |
| 29:14 | Create | Villager (Male) |
| 29:17 | Create | Villager (Male) |
| 29:22 | Create | Fishing Ship |
| 29:22 | Create | Fishing Ship |
| 30:04 | Create | Villager (Male) |
| 30:04 | Create | Villager (Male) |
| 30:15 | Create | Spearman |
| 30:16 | Create | Spearman |
| 30:25 | Research | Bloodlines |
| 30:31 | Create | Fishing Ship |
| 30:32 | Create | Fishing Ship |
| 30:32 | Create | Fishing Ship |
| 31:14 | Create | Villager (Male) |
| 31:14 | Create | Villager (Male) |
| 31:25 | Create | Villager (Male) |
| 31:25 | Create | Villager (Male) |
| 31:56 | Create | Villager (Male) |
| 32:01 | Build | Farm |
| 32:02 | Build | Farm |
| 32:04 | Build | Farm |
| 32:28 | Build | Mining Camp |
| 32:39 | Research | Imperial Age |
| 32:40 | Create | Villager (Male) |
| 32:40 | Create | Villager (Male) |
Build order — GunBuster_CZ
First 150 of 306 actions detected
| 1:25 | Build | Town Center |
| 2:03 | Build | House |
| 2:36 | Build | Palisade Wall |
| 2:58 | Build | House |
| 3:21 | Build | House |
| 3:39 | Create | Villager (Male) ×4 |
| 3:40 | Research | Loom |
| 3:53 | Build | House |
| 4:54 | Create | Villager (Male) |
| 5:29 | Create | Villager (Male) |
| 6:27 | Create | Villager (Male) |
| 6:40 | Create | Villager (Male) |
| 7:35 | Create | Villager (Male) |
| 8:10 | Create | Villager (Male) |
| 8:11 | Create | Villager (Male) |
| 8:50 | Create | Villager (Male) |
| 8:57 | Create | Villager (Male) |
| 9:08 | Build | Mill |
| 10:19 | Create | Villager (Male) |
| 10:20 | Create | Villager (Male) |
| 10:22 | Create | Villager (Male) |
| 10:31 | Build | Barracks |
| 10:37 | Build | House |
| 10:38 | Build | House |
| 11:36 | Create | Villager (Male) |
| 11:55 | Research | Feudal Age |
| 12:06 | Build | Mule Cart |
| 13:35 | Create | Villager (Male) |
| 13:35 | Create | Villager (Male) |
| 14:11 | Age | Feudal Age |
| 14:13 | Build | Stable |
| 15:12 | Build | Blacksmith |
| 15:23 | Create | Villager (Male) |
| 15:24 | Create | Villager (Male) |
| 15:43 | Build | House |
| 16:39 | Build | Mule Cart |
| 17:13 | Research | Castle Age |
| 17:53 | Research | Bloodlines |
| 18:48 | Research | Double-Bit Axe |
| 19:23 | Research | Forging |
| 19:53 | Age | Castle Age |
| 19:53 | Create | Villager (Male) |
| 20:15 | Build | Farm |
| 20:21 | Build | Farm |
| 20:31 | Create | Villager (Male) |
| 20:47 | Research | Scale Barding Armor |
| 20:52 | Build | Farm |
| 20:52 | Build | Farm |
| 20:52 | Build | Farm |
| 20:53 | Build | Farm |
| 21:01 | Build | Farm |
| 21:13 | Research | Horse Collar |
| 21:44 | Create | Villager (Male) |
| 22:21 | Build | Farm |
| 22:22 | Create | Villager (Male) |
| 22:22 | Create | Villager (Male) |
| 22:37 | Build | Castle |
| 22:46 | Create | Villager (Male) |
| 23:04 | Create | Knight |
| 23:04 | Create | Knight |
| 24:09 | Create | Monaspa ×4 |
| 24:24 | Create | Monaspa |
| 24:29 | Create | Villager (Male) |
| 24:41 | Build | Market |
| 25:22 | Build | Town Center |
| 25:29 | Research | Husbandry |
| 26:09 | Create | Monaspa ×2 |
| 26:39 | Create | Monaspa |
| 26:39 | Create | Monaspa |
| 26:52 | Build | Town Center |
| 27:35 | Create | Monaspa |
| 27:36 | Create | Monaspa |
| 27:36 | Create | Monaspa |
| 27:45 | Build | Farm |
| 27:45 | Build | Farm |
| 27:45 | Build | Farm |
| 27:45 | Build | Farm |
| 27:46 | Build | Farm |
| 27:53 | Create | Villager (Male) |
| 28:26 | Research | Scale Mail Armor |
| 28:47 | Research | Chain Barding Armor |
| 29:32 | Research | Wheelbarrow |
| 30:07 | Create | Villager (Male) |
| 30:08 | Create | Villager (Male) |
| 30:12 | Build | Farm |
| 30:12 | Build | Farm |
| 30:12 | Build | Farm |
| 30:13 | Build | Farm |
| 30:13 | Build | Farm |
| 31:06 | Build | Farm |
| 31:08 | Build | Farm |
| 31:08 | Create | Villager (Male) |
| 31:09 | Create | Villager (Male) |
| 31:46 | Build | Farm |
| 31:48 | Create | Villager (Male) |
| 31:48 | Research | Town Watch |
| 31:51 | Create | Monaspa ×5 |
| 32:19 | Research | Iron Casting |
| 32:37 | Create | Monaspa |
| 32:37 | Create | Monaspa |
| 33:00 | Build | Siege Workshop |
| 33:03 | Create | Villager (Male) |
| 33:03 | Create | Villager (Male) |
| 33:11 | Create | Monaspa |
| 33:11 | Create | Monaspa |
| 33:56 | Create | Battering Ram |
| 34:06 | Create | Villager (Male) |
| 34:06 | Create | Villager (Male) |
| 34:37 | Build | Farm |
| 34:41 | Create | Monaspa ×4 |
| 35:02 | Create | Battering Ram |
| 35:10 | Build | Farm |
| 35:11 | Create | Villager (Male) |
| 35:12 | Create | Villager (Male) |
| 35:14 | Create | Villager (Male) |
| 35:15 | Create | Villager (Male) |
| 35:35 | Create | Monaspa |
| 35:36 | Create | Monaspa |
| 36:23 | Create | Battering Ram |
| 36:29 | Build | House |
| 36:30 | Build | House |
| 36:31 | Build | House |
| 36:34 | Create | Monaspa |
| 36:45 | Build | House |
| 36:46 | Build | House |
| 36:47 | Create | Villager (Male) |
| 36:48 | Create | Villager (Male) |
| 36:49 | Create | Villager (Male) |
| 36:50 | Create | Villager (Male) |
| 37:24 | Create | Villager (Male) |
| 37:24 | Create | Villager (Male) |
| 37:57 | Build | Farm |
| 37:59 | Build | Farm |
| 38:02 | Build | Farm |
| 38:05 | Research | Heavy Plow |
| 39:10 | Research | Imperial Age |
| 39:13 | Build | Farm |
| 40:36 | Create | Monaspa ×5 |
| 40:36 | Create | Monaspa ×3 |
| 40:38 | Create | Villager (Male) |
| 40:39 | Create | Villager (Male) |
| 40:40 | Research | Bow Saw |
| 40:42 | Research | Gold Mining |
| 40:45 | Research | Gold Mining |
| 40:47 | Create | Villager (Male) |
| 40:47 | Create | Villager (Male) |
| 41:04 | Create | Villager (Male) |
| 41:04 | Create | Villager (Male) |
| 41:04 | Create | Villager (Male) |
| 41:19 | Build | House |
Match timeline
| 1:02 | DenaZ · first_building Dock |
| 2:36 | GunBuster_CZ · wall_segment Palisade Wall x3 |
| 3:29 | Liska.usata · first_building Dock |
| 4:11 | Moglash · wall_segment Palisade Wall x12 |
| 6:04 | Fanosh · first_building Dock |
| 7:22 | Moglash · wall_segment Palisade Wall x7 |
| 8:16 | Moglash · first_building Dock |
| 10:31 | GunBuster_CZ · first_building Barracks |
| 11:27 | Moglash · wall_segment Palisade Wall x8 |
| 11:36 | Marshall · first_building Barracks |
| 12:14 | Moglash · wall_segment Palisade Wall x5 |
| 12:30 | Fanosh · first_building Barracks |
| 12:51 | Eve · first_building Dock |
| 13:04 | Eve · age_up feudal |
| 13:21 | sesempower · first_building Dock |
| 14:11 | GunBuster_CZ · age_up feudal |
| 14:13 | GunBuster_CZ · first_building Stable |
| 14:55 | Moglash · first_building Barracks |
| 14:59 | Marshall · age_up feudal |
| 15:37 | sesempower · first_building Barracks |
| 15:39 | DenaZ · first_building Barracks |
| 16:14 | Fanosh · age_up feudal |
| 16:58 | DenaZ · age_up feudal |
| 17:25 | Liska.usata · age_up feudal |
| 17:29 | Liska.usata · first_building Barracks |
| 17:33 | Moglash · first_building Archery Range |
| 17:54 | Eve · first_building Barracks |
| 18:02 | sesempower · first_building Archery Range |
| 18:21 | Liska.usata · first_building Stable |
| 19:05 | sesempower · first_building Stable |
| 19:38 | Marshall · first_market_buy 100 food |
| 19:42 | Marshall · first_market_sell 100 wood |
| 19:53 | GunBuster_CZ · age_up castle |
| 20:27 | DenaZ · first_building Stable |
| 20:35 | Fanosh · wall_segment Stone Wall x1 |
| 20:36 | Fanosh · wall_segment Stone Wall x1 |
| 20:38 | Fanosh · wall_segment Stone Wall x1 |
| 21:34 | Eve · first_building Archery Range |
| 22:10 | Liska.usata · age_up castle |
| 22:37 | GunBuster_CZ · first_building Castle |
| 22:40 | DenaZ · age_up castle |
| 22:55 | Moglash · first_building Castle |
| 22:56 | Marshall · age_up castle |
| 23:03 | Marshall · first_building Castle |
| 23:43 | Fanosh · wall_segment Stone Wall x1 |
| 24:23 | Marshall · first_building Siege Workshop |
| 24:37 | Fanosh · first_building Stable |
| 24:50 | Moglash · wall_segment Stone Wall x7 |
| 24:55 | Fanosh · wall_segment Stone Wall x2 |
| 25:41 | Fanosh · wall_segment Stone Wall x1 |
| 26:07 | Marshall · first_building Monastery |
| 26:20 | DenaZ · first_building Castle |
| 27:08 | Fanosh · age_up castle |
| 27:41 | Fanosh · first_building Monastery |
| 28:03 | Moglash · first_building Monastery |
| 28:05 | sesempower · wall_segment Stone Wall x10 |
| 28:21 | sesempower · first_building Castle |
| 28:22 | GunBuster_CZ · first_market_buy 100 food |
| 28:39 | Moglash · wall_segment Stone Wall x10 |
| 29:37 | Eve · age_up castle |
| 30:02 | Eve · first_building Castle |
| 30:32 | sesempower · wall_segment Stone Wall x8 |
| 31:30 | Fanosh · first_building Siege Workshop |
| 31:42 | Liska.usata · first_building Castle |
| 31:50 | DenaZ · first_market_sell 100 wood |
| 32:13 | DenaZ · first_market_buy 100 food |
| 32:35 | sesempower · wall_segment Stone Wall x15 |
| 33:00 | GunBuster_CZ · first_building Siege Workshop |
| 34:17 | Eve · first_market_sell 100 stone |
| 35:25 | DenaZ · age_up imperial |
| 36:25 | Fanosh · first_building Castle |
| 37:07 | sesempower · wall_segment Stone Wall x15 |
| 38:44 | GunBuster_CZ · first_market_sell 100 food |
| 40:01 | DenaZ · first_building Archery Range |
| 41:02 | sesempower · wall_segment Stone Wall x16 |
| 42:20 | GunBuster_CZ · age_up imperial |
| 42:35 | Marshall · age_up imperial |
| 43:35 | Fanosh · wall_segment Stone Wall x3 |
| 44:49 | Eve · first_building Siege Workshop |
| 45:14 | sesempower · wall_segment Stone Wall x17 |
| 45:33 | GunBuster_CZ · first_building Monastery |
| 46:07 | Moglash · wall_segment Stone Wall x10 |
| 46:39 | Eve · age_up imperial |
| 51:33 | Moglash · wall_segment Stone Wall x11 |
| 52:33 | Liska.usata · first_building Siege Workshop |
| 52:45 | Liska.usata · age_up imperial |
| 56:48 | sesempower · first_market_buy 500 food |
| 56:56 | sesempower · first_market_sell 500 wood |
| 58:53 | Moglash · wall_segment Stone Wall x1 |
| 59:14 | Fanosh · age_up imperial |
| 66:35 | Fanosh · first_building Archery Range |
| 66:58 | Moglash · wall_segment Stone Wall x7 |
| 67:06 | Moglash · wall_segment Stone Wall x2 |
| 67:09 | sesempower · wall_segment Stone Wall x9 |
| 67:30 | Moglash · wall_segment Stone Wall x2 |
| 69:08 | Moglash · first_market_sell 100 stone |
| 70:09 | Marshall · resign |
| 74:21 | GunBuster_CZ · tribute_sent a jugador 1 |
| 74:21 | GunBuster_CZ · tribute_sent a jugador 2 |
| 74:21 | GunBuster_CZ · tribute_sent a jugador 3 |
| 74:21 | GunBuster_CZ · tribute_sent a jugador 4 |
| 74:21 | GunBuster_CZ · tribute_sent a jugador 5 |
| 74:21 | GunBuster_CZ · tribute_sent a jugador 6 |
| 74:21 | GunBuster_CZ · tribute_sent a jugador 7 |
[ AI ANALYSIS · 1 CREDIT ]
What really happened in this match?
Wolo.gg analyzes every decision: build order, eco, micro, common mistakes by bracket. Personalized analysis on WhatsApp or Discord in 30 seconds.
Civ guide
Romans
Perfil
Jugador #819683